 Dungeon Crawl Stone Soup version 0.27-a0-1202-ge72e491 (webtiles) character file.

Game seed: 8988481131040803823

192 Illumine the Shield-Bearer (level 6, -3/49 HPs)
             Began as a Formicid Fighter on June 2, 2021.
             Succumbed to kobold brigand's curare-tipped dart
             ... on level 4 of the Dungeon on June 3, 2021.
             The game lasted 00:03:51 (2828 turns).

Illumine the Shield-Bearer (Formicid Fighter)       Turns: 2828, Time: 00:03:51

Health: -3/49      AC:  9    Str: 22    XL:     6   Next: 2%
Magic:  6/6        EV:  8    Int:  8    God:
Gold:   92         SH: 10    Dex: 10    Spells: 5/5 levels left

rFire    . . .     SeeInvis +   a - +0 trident
rCold    . . .     Faith    .   c - +0 kite shield
rNeg     . . .     Spirit   .   b - +0 scale mail
rPois    .         Reflect  .   (helmet unavailable)
rElec    .         Harm     .   o - +0 cloak
rCorr    .         Rampage  .   (no gloves)
Will     .....                  h - +0 pair of boots
Stlth    ..........             (no amulet)
HPRegen  0.16/turn              (no ring)
MPRegen  0.10/turn              (no ring)

@: lethally poisoned (-3 -> -20), flying, very slightly contaminated, invisible
A: permanent stasis, dig shafts and tunnels, antennae 3, four strong arms
a: Dig, Shaft Self


You were on level 4 of the Dungeon.
You visited 1 branch of the dungeon, and saw 5 of its levels.

You collected 120 gold pieces.
You spent 28 gold pieces at shops.

Inventory:

Hand Weapons
 a - a +0 trident (weapon)
 q - a +0 hunting sling
Missiles
 r - 31 stones
 s - 14 poisoned darts (quivered)
Armour
 b - a +0 scale mail (worn)
 c - a +0 kite shield (worn)
 h - a +0 pair of boots (worn)
 o - a +0 cloak (worn)
Scrolls
 f - a scroll of acquirement {unknown}
 k - a scroll of immolation {unknown}
 m - a scroll of vulnerability {unknown}
 n - a scroll of brand weapon {unknown}
 p - a scroll of teleportation {unknown}
 t - a scroll of noise {unknown}
Potions
 d - a potion of might
 e - 2 potions of mutation


   Skills:
 + Level 4.4 Fighting
 * Level 4.3 Polearms
 - Level 3.2 Armour
 + Level 4.8 Shields


You had 5 spell levels left.
You didn't know any spells.
Your spell library was empty.

Dungeon Overview and Level Annotations

Branches:
Dungeon (5/15)             Temple (0/1) D:4

Altars:
Qazlal
Ru
Wu Jian

Shops:
D:3 :?[*

Annotations:
D:4 Sigmund


Innate Abilities, Weirdness & Mutations

You cannot be hasted, slowed, berserked, paralysed or teleported.
You can dig through walls and to a lower floor.
You have a pair of large antennae on your head. (SInv)
Your four strong arms can wield two-handed weapons with a shield.


Message History

Blork the orc is almost dead.
You block Blork the orc's attack.
You completely miss Blork the orc.
Blork the orc is almost dead.
Blork the orc hits you with a +2 dire flail of pain.
You writhe in agony.
You hit Blork the orc.
Blork the orc is almost dead.
Blork the orc completely misses you.
Blork the orc hits you with a +2 dire flail of pain.
You writhe in agony.
You hit Blork the orc.
You kill Blork the orc!
Your Polearms skill increases to level 4!
You have reached level 6!
Your experience leads to an increase in your attributes!
Increase (S)trength, (I)ntelligence, or (D)exterity?
You feel stronger.
Found a scroll of identify.
Things that are here:
a +2 dire flail of pain; a +0 robe; the orc corpse of Blork the orc
Found a staircase to the Ecumenical Temple.
s - 14 poisoned darts (gained 2)
A kobold brigand comes into view.
It is wielding a +0 club and quivering curare-tipped darts.
The kobold brigand shouts!
The kobold brigand throws a curare-tipped dart.
The curare-tipped dart hits you.
You are lethally poisoned!
You have difficulty breathing.
* * * LOW HITPOINT WARNING * * *
Your stasis prevents you from being slowed.
It was a potion of invisibility.
You fade into invisibility!
* * * LOW HITPOINT WARNING * * *
You feel very sick.
You are very lightly contaminated with residual magic.
It was a potion of flight.
You feel very buoyant.
You fly up into the air.
You die...

. #.......##..##
##.
#.#........#.# .
..#
#......####...
.K ?.# #..###.#
#.. #. #.##.<#
#.# #. #..
###.#.#...## .
#...##.##.)#####
. #.......#..#
#..>@..#.#
##.......#
#..####...# #..#
##...# #..#
..... .... ...##
..#. ..## ....


You could see a kobold brigand.

Vanquished Creatures
  Blork the orc (D:4)
  A hound (D:5)
  2 adders
  An adder skeleton (D:4)
  A worm (D:2)
  4 dart slugs
  6 bats
  8 endoplasms
  4 giant cockroaches
  7 hobgoblins
  2 jackals (D:3)
  3 quokkas
  6 ball pythons
  2 frilled lizards
  4 goblins
  6 kobolds
  5 rats
63 creatures vanquished.

Notes
Turn   | Place    | Note
-------+----------+-------------------------------------------
     0 | D:1      | Illumine the Formicid Fighter began the quest for the Orb.
     0 | D:1      | Reached XP level 1. HP: 18/18 MP: 1/1
   134 | D:1      | Reached XP level 2. HP: 24/24 MP: 2/2
   595 | D:1      | Reached XP level 3. HP: 24/29 MP: 3/3
  1560 | D:2      | Found a faded altar of an unknown god.
  1772 | D:3      | Found Coall's General Store.
  1970 | D:3      | Reached XP level 4. HP: 37/37 MP: 4/4
  2023 | D:3      | Found Udovout's Magic Scroll Boutique.
  2038 | D:3      | Found a stormy altar of Qazlal.
  2051 | D:3      | Bought a scroll of identify for 28 gold pieces
  2197 | D:3      | Found an ornate altar of the Wu Jian Council.
  2245 | D:3      | Found Zyimm's Book Shoppe.
  2430 | D:3      | Found Gaenurol's Antique Armour Emporium.
  2508 | D:4      | Found a sacrificial altar of Ru.
  2631 | D:4      | Noticed Sigmund
  2645 | D:5      | Entered Level 5 of the Dungeon
  2656 | D:5      | Reached XP level 5. HP: 20/42 MP: 5/5
  2754 | D:5      | Noticed a centaur
  2804 | D:4      | Noticed Blork the orc
  2819 | D:4      | Killed Blork the orc
  2820 | D:4      | Reached XP level 6. HP: 16/49 MP: 6/6
  2821 | D:4      | Found a staircase to the Ecumenical Temple.
  2827 | D:4      | HP: 1/49 [poisoned by kobold brigand (curare-tipped dart)]
  2828 | D:4      | Succumbed to kobold brigand's curare-tipped dart

Illustrated notes

Levels and vault maps discovered:
D:1:      erik_arrival_blinker_ship, layout_loops_ring,
          minmay_misc_feat_more_columns
D:2:      layout_basic, shapermc_ecumenical_altar_notcrosses
D:3:      layout_rooms, nicolae_qazlal_general_emergency,
          nicolae_wu_jian_immortal_techniques, serial_shops, shop,
          shop_fountains, nicolae_shop_crystal, shop
D:4:      layout_loops_corners, nicolae_ru_great_annihilating_truth,
          minmay_temple_entry_wispy, portal_sewer_entry_f, minmay_diced_spiral,
          uniq_sigmund, uniq_blork_the_orc
D:5:      layout_loops_ring, gammafunk_temple_overflow_claw,
          kennysheep_windowed_goal

Skill      XL: |  1  2  3  4  5 |
---------------+----------------+-----
Shields        | 4 |  4.8
Polearms       | 3 4 |  4.3
Fighting       | 4 |  4.4
Armour         | |  3.2

Action                   |  1- 3 |  4- 6 || total
-------------------------+-------+-------++-------
Melee: Trident           |   106 |   110 ||   216
Throw: Dart              |       |     5 ||     5
  Use: Scroll            |       |     2 ||     2
       Potion            |       |     2 ||     2
 Stab: Paralysed         |       |     1 ||     1
Armor: Scale mail        |    40 |    49 ||    89
Dodge: Dodged            |    30 |    42 ||    72
Block: Kite shield       |    46 |    54 ||   100

Table legend: (Time is in decaauts)
 A = Elapsed time spent in this place.
 B = Non-inter-level travel time spent in this place.
 C = Inter-level travel time spent in this place.
 D = Time resting spent in this place.
 E = Time spent auto-exploring this place.
 F = Levels seen in this place.
 G = Mean time per level.
                   A        B        C        D        E       F      G
               +--------+--------+--------+--------+--------+-----+--------+
         Total |   2896 |   2856 |     40 |    245 |   1984 |   5 |  579.2 |
       Dungeon |   2896 |   2856 |     40 |    245 |   1984 |   5 |  579.2 |
               +--------+--------+--------+--------+--------+-----+--------+

Top non-repeatable levels by time:
     D:2: 913 daAuts
     D:1: 880 daAuts
     D:3: 768 daAuts
     D:4: 216 daAuts
     D:5: 118 daAuts
